AoeStats
← fat_dgk

Nomad

510444822Analyzed
4v4 RM · 2d ago on Oct 1, 2026· 118m 55s· 8 players
Game mode
Random Map
Map size
231×231
Population
200
Speed
Normal
Resources
Standard
Victory
Conquest
Starting age
Dark Age
Ending age
Imperial Age
RankedLock teamsTeams togetherTeam positionsShared explorationLock speedFull tech treeHidden civsTurbo modeCheats
Victory
Defeat
🇺🇸 Dravidians · United States
1256
+12
🇺🇸 Spanish · United States
1180
+15
🇺🇸 Vietnamese · United States
1153
+17
🇺🇸 Persians · United States
1130
+18
🇨🇦 Dravidians · Canada
1231
-18
🇨🇳 Mongols · China
1181
-16
🇨🇱 Bohemians · Chile
1179
-16
🇨🇦 Vikings · Canada
1083
-12
balgaro
5:15 Loom
13:41 Feudal Age
15:21 Double-Bit Axe
15:54 Fishing Lines
19:36 Castle Age
18:47 Fletching
18:52 Gold Mining
21:06 Medium Warships
20:57 Bodkin Arrow
22:10 Careening
23:34 Clinker Construction
23:33 Horse Collar
25:11 Siphons
28:32 Gillnets
29:37 Wheelbarrow
30:54 Stone Mining
31:29 Bow Saw
32:31 Heavy Plow
34:10 Hand Cart
38:13 Imperial Age
37:02 Thumb Ring
39:17 Ballistics
39:58 Chemistry
39:02 Padded Archer Armor
39:02 Bracer
38:30 Elite Elephant Archer
40:48 Town Watch
45:59 Two-Man Saw
45:10 Caravan
46:30 Leather Archer Armor
45:45 Elite Skirmisher
47:19 Onager
48:51 Onager
50:15 Ring Archer Armor
54:33 Pikeman
55:13 Squires
54:58 Arson
55:27 Halberdier
57:53 Scale Mail Armor
58:03 Forging
58:58 Chain Mail Armor
59:34 Wootz Steel
59:35 Conscription
61:53 Man-at-Arms
63:38 Gambesons
65:00 Long Swordsman
66:38 Siege Onager
67:39 Siege Elephant
68:39 Medical Corps
68:35 Two-Handed Swordsman
69:44 Champion
70:34 Elite Cannon Galleon
77:00 Plate Mail Armor
78:03 Iron Casting
94:49 Blast Furnace
93:55 Scale Barding Armor
94:46 Husbandry
CavalierVert5
3:33 Loom
8:38 Loom
14:59 Feudal Age
15:48 Double-Bit Axe
18:50 Castle Age
21:22 Medium Warships
21:28 Fishing Lines
23:06 Scale Mail Armor
26:44 Fletching
31:44 Town Watch
36:45 Bow Saw
36:18 Horse Collar
36:33 Gillnets
49:46 Chain Mail Armor
51:30 Squires
52:00 Forging
53:08 Chieftains
54:17 Caravan
56:47 Iron Casting
59:07 Imperial Age
57:01 Pikeman
61:53 Plate Mail Armor
61:51 Conscription
61:35 Elite Varangian Guard
63:05 Elite Berserk
67:54 Coinage
68:24 Arson
75:50 Blast Furnace
75:29 Hoardings
82:54 Bodkin Arrow
83:06 Bogsveigar
84:01 Bracer
85:35 Ballistics
86:16 Chemistry
97:03 Masonry
fat_dgk
10:59 Loom
11:50 Loom
14:27 Feudal Age
18:18 Castle Age
18:15 Double-Bit Axe
20:14 Bow Saw
20:19 Fervor
20:39 Fletching
23:09 Sanctity
24:20 Redemption
33:43 Wheelbarrow
36:59 Imperial Age
35:58 Chemistry
35:32 Devotion
35:22 Horse Collar
36:14 Wagenburg Tactics
36:47 Hand Cart
37:45 Town Watch
39:34 Two-Man Saw
40:02 Block Printing
40:19 Illumination
39:49 Herbal Medicine
42:48 Conscription
42:55 Ballistics
42:58 Houfnice
44:21 Siege Engineers
45:04 Hussite Reforms
49:36 Bombard Tower
50:45 Theocracy
50:30 Faith
50:22 Elite Hussite Wagon
51:02 Pikeman
51:43 Squires
51:43 Scale Mail Armor
51:54 Forging
51:44 Arson
55:09 Halberdier
57:32 Chain Mail Armor
57:53 Iron Casting
59:29 Plate Mail Armor
58:55 Bodkin Arrow
69:48 Blast Furnace
68:49 Bracer
75:10 Elite Skirmisher
76:28 Padded Archer Armor
76:41 Masonry
77:13 Town Patrol
77:49 Leather Archer Armor
78:59 Caravan
91:37 Architecture
95:17 Ring Archer Armor
tate
12:15 Loom
14:45 Feudal Age
23:37 Castle Age
26:46 Light Cavalry
37:14 Fletching
37:28 Town Watch
38:22 Horse Collar
40:45 Bodkin Arrow
44:24 Imperial Age
43:51 Bloodlines
43:48 Scale Barding Armor
43:53 Forging
49:15 Wheelbarrow
52:41 Conscription
55:17 Chain Barding Armor
55:32 Iron Casting
60:03 Elite Steppe Lancer
64:47 Husbandry
65:07 Gold Mining
66:18 Iron Casting
66:07 Hussar
70:50 Hoardings
71:45 Blast Furnace
74:20 Coinage
alpachinosbootysweat
15:58 Feudal Age
14:15 Loom
22:53 Castle Age
24:39 Bloodlines
24:30 Husbandry
24:33 Double-Bit Axe
32:15 Horse Collar
33:18 Heavy Plow
41:05 Scale Barding Armor
41:11 Forging
43:52 Chain Barding Armor
49:27 Iron Casting
54:26 Imperial Age
52:32 Wheelbarrow
54:23 Cavalier
55:20 Onager
56:08 Savar
70:07 Plate Barding Armor
71:55 Caravan
74:07 Kamandaran
112:04 Blast Furnace
OLD_SAINT_DICK
6:46 Loom
14:55 Feudal Age
15:57 Double-Bit Axe
16:00 Fishing Lines
18:26 Fletching
22:16 Castle Age
22:57 Gillnets
23:20 Medium Warships
23:06 Bodkin Arrow
24:20 Wheelbarrow
24:59 Ballistics
25:33 Bow Saw
26:46 Demolition Ship
28:11 Horse Collar
29:02 Heavy Plow
32:34 Town Watch
34:07 Hand Cart
34:30 Padded Archer Armor
39:57 Imperial Age
38:45 Leather Archer Armor
39:13 Thumb Ring
39:21 Masonry
39:29 Medical Corps
39:47 Gold Mining
39:48 Stone Mining
39:32 Pikeman
40:12 Squires
40:44 Bracer
41:17 Ring Archer Armor
42:02 Chemistry
41:56 Scale Barding Armor
41:51 Scale Mail Armor
41:17 Siege Elephant
42:04 Scale Barding Armor
41:52 Elite Elephant Archer
43:17 Conscription
44:07 Chain Mail Armor
44:03 Forging
43:15 Halberdier
45:26 Plate Mail Armor
46:57 Coinage
46:30 Caravan
48:34 Banking
49:13 Iron Casting
51:24 Blast Furnace
51:46 Onager
54:59 Chain Barding Armor
55:32 Siege Onager
61:42 Devotion
81:23 Murder Holes
81:49 Bombard Tower
83:28 Hoardings
84:59 Heavy Warships
103:54 Husbandry
108:05 Guilds
115:27 Two-Man Saw
ABOMINABLE_HO_MAN
4:47 Loom
16:05 Feudal Age
20:05 Castle Age
18:39 Double-Bit Axe
19:35 Horse Collar
20:55 Bow Saw
24:11 Husbandry
29:20 Heavy Plow
29:14 Gold Mining
29:41 Padded Archer Armor
31:23 Fletching
31:49 Leather Archer Armor
34:43 Bloodlines
41:32 Imperial Age
42:10 Wheelbarrow
41:21 Town Watch
41:48 Elite Conquistador
43:30 Ring Archer Armor
43:24 Stone Mining
44:13 Conscription
45:25 Forging
45:20 Scale Barding Armor
46:24 Light Cavalry
47:41 Iron Casting
47:26 Chain Barding Armor
47:51 Hussar
49:59 Blast Furnace
59:18 Caravan
63:51 Two-Man Saw
78:08 Fortified Wall
83:54 Coinage
88:30 Chemistry
93:37 Bombard Tower
SantasNorthPole
14:53 Feudal Age
18:35 Castle Age
16:52 Double-Bit Axe
17:02 Loom
17:56 Horse Collar
19:03 Gold Mining
21:01 Crossbowman
22:19 Fletching
23:43 Padded Archer Armor
24:50 Bodkin Arrow
25:56 Bow Saw
29:34 Demolition Ship
29:48 Demolition Ship
29:59 Demolition Ship
30:40 Demolition Ship
41:15 Wheelbarrow
42:56 Hand Cart
43:03 Heavy Plow
50:49 Imperial Age
48:40 Caravan
49:29 Bloodlines
49:20 Husbandry
49:56 Scale Mail Armor
50:07 Forging
51:11 Chatras
51:29 Chain Mail Armor
51:21 Scale Barding Armor
51:28 Devotion
52:51 Two-Man Saw
53:06 Crop Rotation
52:19 Elite Battle Elephant
54:40 Chain Barding Armor
55:05 Faith
57:43 Plate Barding Armor
57:44 Iron Casting
59:03 Coinage
61:59 Bracer
62:08 Arbalester
62:54 Thumb Ring
63:13 Ballistics
66:21 Elite Skirmisher
69:50 Imperial Skirmisher
71:34 Chemistry
70:39 Siege Engineers
70:17 Treadmill Crane
74:35 Paper Money
78:38 Fortified Wall
78:40 Masonry
85:18 Banking
102:13 Leather Archer Armor
104:02 Ring Archer Armor
108:34 Banking
117:07 Hoardings
Connection lost

Rejoining the realm…

Still unreachable

The connection could not be restored.

Session expired

The server has moved on; the page needs a fresh start.